 Dungeon Crawl Stone Soup version 0.25-a0-258-g6d7e32a812 (webtiles) character file.

Game seed: 14719300453014825664, levelgen mode: classic

11 Borgoz the Slasher (level 2, -2/18 HPs)
             Began as a Gargoyle Gladiator on Dec 6, 2019.
             Slain by a gnoll
             ... wielding a +0 flail
              (10 damage)
             ... on level 2 of the Dungeon.
             The game lasted 00:00:37 (485 turns).

Borgoz the Slasher (Gargoyle Gladiator)              Turns: 485, Time: 00:00:38

Health: -2/18      AC:  7    Str: 17    XL:     2   Next: 29%
Magic:  2/2        EV: 12    Int:  8    God:
Gold:   52         SH:  0    Dex: 11    Spells: 1/1 levels left

rFire    . . .     SeeInvis .   a - +0 long sword
rCold    . . .     Gourm    .   (no shield)
rNeg     + . .     Faith    .   b - +0 leather armour
rPois    ∞         Spirit   .   c - +0 helmet
rElec    +         Reflect  .   j - +0 cloak
rCorr    .         Harm     .   (no gloves)
MR       .....                  (no boots)
Stlth    +.........             (no amulet)
HPRegen  0.06/turn              (no ring)
MPRegen  0.08/turn              (no ring)

@: no status effects
A: negative energy resistance 1, electricity resistance, unbreathing,
petrification resistance, rot immunity, AC +2
a: no special abilities


You were on level 2 of the Dungeon.
You were not hungry.

You visited 1 branch of the dungeon, and saw 2 of its levels.

You collected 52 gold pieces.

Inventory:

Hand Weapons
 a - a +0 long sword (weapon)
Missiles
 d - 3 throwing nets (quivered)
Armour
 b - a +0 leather armour (worn)
 c - a +0 helmet (worn)
 j - a +0 cloak (worn)
Scrolls
 g - a scroll of identify {unknown}
Potions
 e - a potion of mutation {unknown}
 i - a potion of degeneration {unknown}
 k - 3 potions of curing {unknown}
 l - a potion of magic {unknown}
Comestibles
 f - 2 rations
 h - 4 chunks of flesh


   Skills:
 + Level 2.4 Fighting
 + Level 2.9 Long Blades
 - Level 1.7 Throwing
 + Level 0.8 Armour
 + Level 2.5 Dodging


You had one spell level left.
You didn't know any spells.
Your spell library was empty.

Dungeon Overview and Level Annotations

Branches:
Dungeon (2/15)

Altars:


Innate Abilities, Weirdness & Mutations

You are resistant to torment.
Your stone body is resilient. (AC +2)
You are immune to poison.
You resist negative energy. (rN+)
You are resistant to electric shocks. (rElec)
You can survive without breathing.
You are immune to petrification.
You are immune to rotting.


Message History

No target in view!
No target in view!
No target in view!
(D) Dungeon
Where to? (? - help)
There is a stone staircase leading down here.
You climb downwards.
An adder and 3 gnolls come into view.
The adder hisses angrily.
The gnoll shouts! x3
Found 8 gold pieces and a dagger.
There is a stone staircase leading up here.
The gnoll hits you but does no damage. The gnoll hits you with a +0 flail!
Ouch! That really hurt!
The gnoll closely misses you.
There is a stone staircase leading up here.
The adder closely misses you.
You riposte.
You barely miss the adder. The gnoll hits you but does no damage.
The adder misses you.
You riposte.
You barely miss the adder. The gnoll hits you with a +0 flail!
Ouch! That really hurt!
You die...

........
#....).
##......
......
....# ...
..# #.#
#....##S##
#$...@.#
....###g.#
.. .g.g.
##......
#.####...
#.# .. #.#
# #.#


You could see 3 gnolls and an adder.

Vanquished Creatures
  A giant cockroach (D:1)
  A goblin (D:1)
  2 hobgoblins (D:1)
  A kobold (D:1)
  4 bats (D:1)
  A frilled lizard (D:1)
  A rat (D:1)
11 creatures vanquished.

Notes
Turn   | Place    | Note
-------+----------+-------------------------------------------
     0 | D:1      | Borgoz the Gargoyle Gladiator began the quest for the Orb.
     0 | D:1      | Reached XP level 1. HP: 12/12 MP: 1/1
   244 | D:1      | Reached XP level 2. HP: 18/18 MP: 2/2
   485 | D:2      | Slain by a gnoll

Levels and vault maps discovered:
D:1:      moated_graveyard_arrival, layout_loops_cross
D:2:      layout_rooms, first_ration, minmay_tree_intersection, uniq_natasha

Action                   || total
-------------------------++-------
Melee: Long sword        ||    19
 Stab: Sleeping          ||     1
Armor: Leather armour    ||    10
Dodge: Dodged            ||    26
       Rpst.: Long sword ||     9

Table legend:
 A = Non-vault XP
 B = Vault XP
 C = Vault XP percentage of total XP
 D = Non-vault monster count
 E = Vault monster count
 F = Vault count percentage of total count
                 A         B        C        D         E       F
            +---------+---------+-------+---------+---------+-------
      Total |      17 |       0 |   0.0 |      11 |       0 |   0.0
            +---------+---------+-------+---------+---------+-------
        D:1 |      17 |       0 |   0.0 |      11 |       0 |   0.0
            +---------+---------+-------+---------+---------+-------
